 Dungeon Crawl Stone Soup version 0.28-a0-1182-g381e24db82 (webtiles) character file.

Game seed: 10347512858950158289

7 lonewolfV2 the Skirmisher (level 1, -1/18 HPs)
             Began as a Demonspawn Berserker on Dec 16, 2021.
             Was a Follower of Trog.
             Slain by a hobgoblin (2 damage)
             ... on level 1 of the Dungeon.
             The game lasted 00:00:56 (577 turns).

lonewolfV2 the Skirmisher (Demonspawn Berserker)     Turns: 577, Time: 00:00:56

Health: -1/18      AC:  2    Str: 17    XL:     1   Next: 83%
Magic:  1/1        EV: 12    Int: 14    God:    Trog [*.....]
Gold:   23         SH:  0    Dex: 12    Spells: 0/0 levels left

rFire   . . .      SeeInvis .   a - +0 hand axe
rCold   . . .      Faith    .   (no shield)
rNeg    . . .      Spirit   .   b - +0 animal skin
rPois   .          Reflect  .   (no helmet)
rElec   .          Harm     .   (no cloak)
rCorr   .          Rampage  .   (no gloves)
Will    .....                   (no boots)
Stlth   +.........              (no amulet)
HPRegen 0.06/turn               d - +6 ring of intelligence
MPRegen 0.07/turn               (no ring)

@: no status effects
A: no striking features
a: Renounce Religion, Berserk


You were on level 1 of the Dungeon.
You worshipped Trog.
Trog was aware of your devotion.
You visited 1 branch of the dungeon, and saw 1 of its levels.

You collected 23 gold pieces.

Inventory:

Hand Weapons
 a - a +0 hand axe (weapon)
Armour
 b - a +0 animal skin (worn)
Jewellery
 d - a +6 ring of intelligence (left hand)
Scrolls
 c - a scroll of blinking {unknown}
 e - a scroll of identify {unknown}


   Skills:
 + Level 3.1 Fighting
 + Level 2.9 Axes
 + Level 1.8 Armour
 + Level 1.8 Dodging


You couldn't memorise any spells.
You didn't know any spells.
Your spell library was empty.

Dungeon Overview and Level Annotations

Branches:
Dungeon (1/15)

Altars:


Message History

You barely miss the giant cockroach.
The giant cockroach is almost dead.
The giant cockroach misses you. The giant cockroach closely misses you.
You hit the giant cockroach.
You kill the giant cockroach!
Trog accepts your kill.
A hobgoblin comes into view.
A bat comes into view.
The hobgoblin shouts!
A hobgoblin comes into view.
The hobgoblin shouts!
You barely miss the hobgoblin. The hobgoblin misses you.
The hobgoblin closely misses you.
You barely miss the hobgoblin. You closely miss the hobgoblin.
The hobgoblin hits you but does no damage.
The hobgoblin hits you.
You barely miss the hobgoblin. You hit the hobgoblin. The hobgoblin misses you.
The hobgoblin hits you.
* * * LOW HITPOINT WARNING * * *
You hit the hobgoblin.
The hobgoblin is moderately wounded.
You closely miss the hobgoblin. The hobgoblin barely misses you. x2
You hit the hobgoblin.
The hobgoblin is severely wounded.
You hit the hobgoblin but do no damage. The hobgoblin closely misses you.
The hobgoblin hits you but does no damage.
You closely miss the hobgoblin.
The hobgoblin is severely wounded.
You closely miss the hobgoblin. The hobgoblin barely misses you.
The hobgoblin hits you.
* * * LOW HITPOINT WARNING * * *
You hit the hobgoblin.
You kill the hobgoblin!
Trog accepts your kill.
You closely miss the hobgoblin. The hobgoblin closely misses you.
Your life force feels restored.
You barely miss the hobgoblin.
The hobgoblin is almost dead.
The hobgoblin barely misses you. The hobgoblin hits you.
You die...

... # .... #######
#..########## #......
##...........#####......
.............'...'......
.............###.#......
#....[......# #.#......
##..##g@.....# #.####...
....!........###.####...
##..####+##..##.....)...
... ##.##..####... ##
###.##..#####..
............+..
.###.#..#####..
+..........#..
###.#..###.#..


You could see a hobgoblin.

Vanquished Creatures
  An endoplasm (D:1)
  2 giant cockroaches (D:1)
  A hobgoblin (D:1)
  2 goblins (D:1)
6 creatures vanquished.

Notes
Turn   | Place    | Note
-------+----------+-------------------------------------------
     0 | D:1      | lonewolfV2 the Demonspawn Berserker began the quest for the
                  | Orb.
     0 | D:1      | Reached XP level 1. HP: 18/18 MP: 1/1
   577 | D:1      | Slain by a hobgoblin

Illustrated notes

Levels and vault maps discovered:
D:1:      minmay_arrival_jagged, layout_basic

Action                   || total
-------------------------++-------
Melee: Hand axe          ||    34
Armor: Animal skin       ||     6
Dodge: Dodged            ||    27

Table legend: (Time is in decaauts)
 A = Elapsed time spent in this place.
 B = Non-inter-level travel time spent in this place.
 C = Inter-level travel time spent in this place.
 D = Time resting spent in this place.
 E = Time spent auto-exploring this place.
 F = Levels seen in this place.
 G = Mean time per level.
                   A        B        C        D        E       F      G
               +--------+--------+--------+--------+--------+-----+--------+
         Total |    581 |    581 |      0 |      0 |    499 |   1 |  581.0 |
       Dungeon |    581 |    581 |      0 |      0 |    499 |   1 |  581.0 |
               +--------+--------+--------+--------+--------+-----+--------+

Top non-repeatable levels by time:
     D:1: 581 daAuts
